 Dungeon Crawl Stone Soup version 0.21-a0-591-g2314aa1 (webtiles) character file.

1621 mopl the Grappler (level 8, -1/74 HPs)
             Began as a Troll Transmuter on Dec 22, 2017.
             Was a High Priest of Cheibriados.
             Slain by an orc
             ... wielding a +1 antimagic hand axe
              (4 damage)
             ... on level 6 of the Dungeon.
             The game lasted 00:09:18 (4611 turns).

mopl the Grappler (Troll Transmuter)                Turns: 4611, Time: 00:09:18

Health: -1/74      AC:  5    Str: 30    XL:     8   Next: 64%
Magic:  9/10       EV: 10    Int: 22    God:    Cheibriados [*****.]
Gold:   284        SH:  0    Dex: 21    Spells: 2/9 levels left

rFire    . . .     SeeInvis .     - Unarmed
rCold    + . .     Gourm    +   (no shield)
rNeg     + . .     Faith    .   b - +0 robe
rPois    .         Spirit   .   (helmet restricted)
rElec    .         Reflect  .   (no cloak)
rCorr    .         Harm     .   (gloves unavailable)
MR       .....                  (boots unavailable)
Stlth    ++........             n - amulet of regeneration
HPRegen  1.02/turn              j - ring of protection from cold
MPRegen  0.12/turn              y - ring of positive energy

@: very slow
A: large, unfitting armour, claws 3, fast metabolism 3, gourmand, regeneration
1, shaggy fur 1, tough skin 2
a: Bend Time, Temporal Distortion, Slouch, Step From Time, Renounce Religion


You were on level 6 of the Dungeon.
You worshipped Cheibriados.
Cheibriados was extremely pleased with you.
You were very full.

You visited 1 branch of the dungeon, and saw 6 of its levels.

You collected 284 gold pieces.

Inventory:

Hand Weapons
 A - the +7 halberd of Ribel {chop, +Blink +Rage rN++ Dex-4, unknown}
   (You found it on level 5 of the Dungeon)

   It inflicts extra damage upon your enemies.
   It affects your dexterity (-4).
   It greatly protects you from negative energy.
   It lets you blink.
   It lets you go berserk.
Missiles
 a - 53 arrows
 g - 146 stones (quivered)
 p - 32 poisoned needles
 B - 7 curare-tipped needles
Armour
 b - a +0 robe (worn)
Magical Staves
 x - an uncursed staff of wizardry {!a}
Jewellery
 j - a ring of protection from cold (left claw)
 n - an amulet of regeneration (around neck)
 y - a ring of positive energy (right claw)
Wands
 v - a wand of acid (12)
Scrolls
 e - 5 scrolls of teleportation {unknown}
 h - 3 scrolls of amnesia {unknown}
 k - a scroll of fear {unknown}
 l - 4 scrolls of identify
 t - 2 scrolls of random uselessness {unknown}
 u - 2 scrolls of enchant weapon {unknown}
 w - 3 scrolls of remove curse {unknown}
 z - a scroll of magic mapping {unknown}
Potions
 f - 4 potions of curing
 i - 2 potions of flight
 m - 2 potions of cancellation
 q - 2 potions of magic
 r - a potion of might
Books
 c - a book of Changes

   Spells                             Type                      Level
   a - Beastly Appendage              Transmutation                1
   b - Sticks to Snakes               Transmutation                2
   c - Spider Form                    Transmutation/Poison         3
   d - Ice Form                       Ice/Transmutation            4
   e - Blade Hands                    Transmutation                5
Comestibles
 d - 11 rations


   Skills:
 + Level 2.6 Fighting
 - Level 1.5 Dodging
 * Level 9.3 Unarmed Combat
 - Level 1.2 Spellcasting
 - Level 1.3 Transmutations
 + Level 5.0 Invocations


You had 2 spell levels left.
You knew the following spells:

 Your Spells              Type           Power        Failure   Level  Hunger
a - Beastly Appendage     Tmut           #.....       9%          1    ##.....
d - Ice Form              Ice/Tmut       #.......     73%         4    #####..
w - Sticks to Snakes      Tmut           #.......     13%         2    ###....


Dungeon Overview and Level Annotations

Branches:
Dungeon (6/15)             Temple (0/1) D:6

Altars:
Cheibriados
Okawaru
Trog
Xom

Shops:
D:4 [


Innate Abilities, Weirdness & Mutations

You are too large for most types of armour.
You have claws for hands.
Your metabolism is lightning-fast.
You like to eat raw meat.
Your natural rate of healing is unusually fast.
You are covered in fur. (AC +1)
You have very tough skin. (AC +2)


Message History

You are too injured to fight recklessly!
You are too injured to fight recklessly!
You are too injured to fight recklessly!
You fail to use your ability.
The orc warrior hits you with a glaive!
* * * LOW HITPOINT WARNING * * *
The orc hits you with an antimagic hand axe.
* * * LOW HITPOINT WARNING * * *
You feel your power leaking away.
Unknown command.
Okay, then.
Unknown command.
Okay, then.
You feel much better.
The orc warrior hits you with a glaive!!
* * * LOW HITPOINT WARNING * * *
Okay, then.
You claw the orc warrior! Your claw misses the orc warrior.
The orc warrior is heavily wounded.
The orc hits you with an antimagic hand axe.
You die...

###...####....>....##
...##...............
######..##.#.....#......
.................##.....
#.#.#.#.#..(.....#......
..........(###...)......
#.......#.(# #..........
.......)((####..........
#...>.o@#.#.............
......o...#....)........
#.......#.#.#.#...##..#.
..........###.#...###...
#.#.#.#.#.# ##....#.....
..........# ##.....##.##
.########## #.##..###.##
#.#...# ####
##....###..#


You could see an orc warrior and an orc.

Vanquished Creatures
  2 ice beasts (D:6)
  A black bear (D:5)
  2 ogres (D:4)
  A gnoll sergeant (D:5)
  2 bullfrogs (D:5)
  A scorpion (D:5)
  A howler monkey (D:6)
  2 hounds
  An orc priest (D:5)
  2 bullfrog skeletons
  Jessica (D:3)
  An iguana (D:4)
  3 worker ants
  36 gnolls
  10 adders
  3 shadow imps
  2 adder zombies
  An adder skeleton (D:6)
  4 worms
  3 dart slugs
  2 leopard geckos (D:3)
  7 orcs
  2 ball pythons
  9 bats
  9 giant cockroaches
  15 hobgoblins
  28 jackals
  2 quokkas
  8 frilled lizards
  13 goblins
  4 kobolds
  A leopard gecko zombie (D:5)
  5 rats
184 creatures vanquished.

Notes
Turn   | Place    | Note
-------+----------+-------------------------------------------
     0 | D:1      | mopl the Troll Transmuter began the quest for the Orb.
     0 | D:1      | Reached XP level 1. HP: 18/18 MP: 1/1
   161 | D:1      | Reached XP level 2. HP: 26/26 MP: 2/2
   168 | D:1      | Learned a level 2 spell: Sticks to Snakes
   436 | D:1      | Reached skill level 4 in Unarmed Combat
   664 | D:1      | Reached XP level 3. HP: 32/32 MP: 3/3
   825 | D:2      | Found a shimmering altar of Xom.
   884 | D:2      | Found a snail-covered altar of Cheibriados.
   905 | D:2      | Became a worshipper of Cheibriados the Contemplative
   936 | D:2      | Found an iron altar of Okawaru.
  1200 | D:2      | Reached * piety under Cheibriados
  1205 | D:2      | Reached XP level 4. HP: 37/40 MP: 4/4
  1411 | D:2      | Reached skill level 1 in Invocations
  1552 | D:3      | Reached skill level 5 in Unarmed Combat
  1794 | D:3      | Reached ** piety under Cheibriados
  1800 | D:3      | Reached XP level 5. HP: 43/46 MP: 5/5
  1966 | D:3      | Noticed Jessica
  1972 | D:3      | Killed Jessica
  2260 | D:4      | Noticed an ogre
  2273 | D:4      | Killed an ogre
  2273 | D:4      | Reached skill level 6 in Unarmed Combat
  2273 | D:4      | Reached skill level 2 in Invocations
  2297 | D:4      | Reached XP level 6. HP: 53/54 MP: 6/6
  2528 | D:4      | Learned a level 4 spell: Ice Form
  2591 | D:4      | Reached *** piety under Cheibriados
  2713 | D:4      | Found Keskaabb's Armour Boutique.
  2730 | D:4      | Reached skill level 3 in Invocations
  2787 | D:4      | Reached skill level 7 in Unarmed Combat
  3026 | D:4      | Reached XP level 7. HP: 50/61 MP: 8/8
  3161 | D:4      | Reached **** piety under Cheibriados
  3477 | D:5      | Entered Level 5 of the Dungeon
  3690 | D:5      | Reached skill level 8 in Unarmed Combat
  3690 | D:5      | Reached skill level 4 in Invocations
  3754 | D:5      | Found a bloodstained altar of Trog.
  3841 | D:5      | Got an iridescent halberd
  4242 | D:5      | Reached skill level 1 in Fighting
  4279 | D:6      | Reached XP level 8. HP: 57/70 MP: 10/10
  4320 | D:5      | Reached ***** piety under Cheibriados
  4370 | D:6      | Reached skill level 2 in Fighting
  4377 | D:5      | Reached skill level 9 in Unarmed Combat
  4426 | D:6      | Reached skill level 5 in Invocations
  4601 | D:6      | Found a staircase to the Ecumenical Temple.
  4610 | D:6      | HP: 2/74 [orc warrior/glaive (29)]
  4611 | D:6      | Slain by an orc

Vault maps used:
D:1:      lightli_arrival_maybe_door_vault
D:2:      minmay_diamond_boxcup, kennysheep_slug_shrine,
          okawaru_metal_pillars_1_2, brannock_xom_greatest_gift, first_ration
D:3:      kennysheep_jessica_study
D:4:      lemuel_castle_with_subvaults, serial_shops, nicolae_shop_trees
D:5:      lemuel_round_altar
D:6:      tgw_sif, minmay_temple_entry_glass, basic_altar, elyvilon_altar_1

Skill      XL: |  1  2  3  4  5  6  7  8 |
---------------+-------------------------+-----
Unarmed Combat | 4 5 6 7 8 9 |  9.3
Invocations    | 1 2 3 4 5 |  5.0
Fighting       | 1 2 |  2.6
Dodging        | |  1.5
Spellcasting   | |  1.2
Transmutations | |  1.3

Action                   |  1- 3 |  4- 6 |  7- 9 || total
-------------------------+-------+-------+-------++-------
Melee: Unarmed           |   114 |   153 |   167 ||   434
       Punch             |     1 |     3 |     6 ||    10
       Headbutt          |     1 |       |       ||     1
Throw: Stone             |       |     2 |       ||     2
 Cast: Beastly Appendage |     2 |       |       ||     2
  Use: Scroll            |       |     7 |     1 ||     8
       Potion            |       |       |     1 ||     1
 Stab: Sleeping          |     1 |     1 |     1 ||     3
  Eat: Chunk             |    17 |    10 |    11 ||    38
Armor: Robe              |    34 |    54 |    39 ||   127
Dodge: Dodged            |    62 |    97 |   106 ||   265

Table legend:
 A = Spawn XP
 B = Non-spawn XP
 C = Spawn XP percentage of total XP
 D = Spawn monster count
 E = Non-spawn monster count
 F = Spawn count percentage of total count
 G = Total turns spent on level
                    A         B        C        D         E        F      G
               +---------+---------+-------+---------+---------+-------+---------
         Total |       0 |    2316 |   0.0 |       0 |     184 |   0.0 |  4611
               +---------+---------+-------+---------+---------+-------+---------
           D:1 |       0 |      41 |   0.0 |       0 |      22 |   0.0 |   825
           D:2 |       0 |      83 |   0.0 |       0 |      36 |   0.0 |   695
           D:3 |       0 |     135 |   0.0 |       0 |      21 |   0.0 |   697
           D:4 |       0 |     888 |   0.0 |       0 |      65 |   0.0 |  1260
           D:5 |       0 |     710 |   0.0 |       0 |      25 |   0.0 |   887
           D:6 |       0 |     459 |   0.0 |       0 |      15 |   0.0 |   247
               +---------+---------+-------+---------+---------+-------+---------
